 Dungeon Crawl Stone Soup version 0.31-a0-880-g9a209b2425 (webtiles) character file.

Game seed: 17137929958663674682

710 BinkBink the Carver (level 7, -9/44 (56) HPs)
             Began as a Minotaur Gladiator on Oct 15, 2023.
             Was an Initiate of Qazlal.
             Killed from afar by Blork the orc (11 damage)
             ... with a puff of frost
             ... on level 5 of the Dungeon.
             The game lasted 00:04:38 (3540 turns).

BinkBink the Carver (Minotaur Gladiator)            Turns: 3540, Time: 00:04:38

HP:   -9/44 (56)    AC:  3    Str: 21 (24) XL:     7   Next: 40%
MP:   6/6           EV: 13    Int:  2 (5)  God:    Qazlal [......]
Gold: 251           SH:  0    Dex: 11 (14) Spells: 6/6 levels left

rFire   . . .        a - +0 long sword
rCold   . . .        (no shield)
rNeg    . . .        u - +0 troll leather armour
rPois   .            c - +0 hat
rElec   .            (no cloak)
rCorr   .            (no gloves)
SInv    .            (no boots)
Will    +....        (no amulet)
Stlth   +            f - +6 ring of strength
HPRegen 1.07/turn    s - ring of willpower
MPRegen 0.10/turn

%: no passive effects
@: heavily drained
A: horns 2, retaliatory headbutt
a: Renounce Religion


You were on level 5 of the Dungeon.
You worshipped Qazlal.
Qazlal was noncommittal.
You visited 2 branches of the dungeon, and saw 6 of its levels.

You collected 251 gold pieces.

Inventory:

Hand Weapons
 a - a +0 long sword (weapon)
Missiles
 d - 3 throwing nets (quivered)
 e - a javelin
Armour
 b - a +0 leather armour
 c - a +0 hat (worn)
 u - a +0 troll leather armour (worn)
Jewellery
 f - a +6 ring of strength (left hand)
 s - a ring of willpower (right hand)
Wands
 r - a wand of paralysis (10)
 t - a wand of mindburst (17)
 x - a wand of quicksilver (11)
Scrolls
 g - 2 scrolls of immolation {unknown}
 k - a scroll of butterflies {unknown}
 m - a scroll of acquirement {unknown}
 n - 2 scrolls of teleportation {unknown}
 o - a scroll of fear {unknown}
 q - 2 scrolls of amnesia {unknown}
 v - 3 scrolls of fog {unknown}
 y - a scroll of identify {unknown}
 B - a scroll of silence {unknown}
 C - a scroll of poison {unknown}
Potions
 h - a potion of degeneration
 i - a potion of haste {unknown}
 j - 2 potions of lignification {unknown}
 l - a potion of curing {unknown}
 p - a potion of heal wounds {unknown}
 w - 3 potions of mutation {unknown}
 z - a potion of brilliance {unknown}
 A - a potion of might {unknown}


   Skills:
 - Level 2.4 Fighting
 * Level 8.8 Long Blades
 - Level 2.0 Throwing
 + Level 6.1 Dodging


You had 6 spell levels left.
You didn't know any spells.
Your spell library contained the following spells:

 Spells                   Type           Power      Damage    Failure   Level
 Apportation              Tloc           0%         N/A       58%         1
 Magic Dart               Conj           0%         1d3       58%         1
 Necrotise                Necr           0%         1d4       58%         1
 Summon Small Mammal      Summ           0%         N/A       58%         1
 Jinxbite                 Hex            0%         N/A       75%         2
 Searing Ray              Conj           0%         2d4       75%         2
 Fulminant Prism          Conj/Hex       0%         3d5       100%        4
 Alistair's Intoxication  Tmut/Pois      0%         N/A       100%        5


Dungeon Overview and Level Annotations

Branches:
Dungeon (5/15)             Temple (1/1) D:4

Altars:
Ashenzari
Dithmenos
Elyvilon
Fedhas
Hepliaklqana
Kikubaaqudgha
Makhleb
Nemelex Xobeh
Qazlal
Trog
Uskayaw
Vehumet
Yredelemnul

Shops:
D:3 (

Annotations:
D:4 1 runed translucent door, Crazy Yiuf
D:5 2 transporters, Blork the orc


Innate Abilities, Weirdness & Mutations

You have a pair of horns on your head.
You reflexively headbutt those who attack you in melee.


Message History

You feel drained.
You hit Blork the orc.
Blork the orc is heavily wounded.
Blork the orc gestures at you while chanting.
The magic dart hits you!
Blork the orc hits you with a +4 short sword of draining.
You feel drained.
You barely miss Blork the orc.
Blork the orc is heavily wounded.
Blork the orc hits you but does no damage.
You feel drained.
You closely miss Blork the orc.
Blork the orc is heavily wounded.
Blork the orc hits you with a +4 short sword of draining.
You feel drained.
Blork the orc hits you with a +4 short sword of draining.
You feel drained.
You slash Blork the orc! You headbutt Blork the orc.
Blork the orc is severely wounded.
Blork the orc hits you with a +4 short sword of draining!
* * * LOW HITPOINT WARNING * * *
You feel drained.
* * * LOW HITPOINT WARNING * * *
You barely miss Blork the orc.
Blork the orc is severely wounded.
Blork the orc closely misses you.
Blork the orc curses loudly, as Orcs often do.
Blork the orc looks satisfied for a moment.
You hit Blork the orc.
Blork the orc is almost dead.
Blork the orc hits you with a +4 short sword of draining.
* * * LOW HITPOINT WARNING * * *
You feel drained.
* * * LOW HITPOINT WARNING * * *
It was a potion of degeneration.
There was something very wrong with that liquid.
You feel weakened.
You feel dopey.
You feel clumsy.
Blork the orc points at you and mumbles some strange words.
The puff of frost hits you!
You die...

#.# .# #.##.###
###......#
#...o.<..## .#
#.#........
....##..........
....................
.#####o##.........
#. #...@.........
.#.. #.#.##.##....
...## #.#.##.# ...
.... # #.##.# #.#
#..# #....###.# #..#
#........#####..#
#.#####.........#
#.# #..####...#.#
..# #..# #......


You could see Blork the orc (fast).

Vanquished Creatures
  Menkaure (D:4)
  An ogre (D:4)
  A phantom (D:4)
  2 jellies
  2 hounds
  An orc priest (D:3)
  Ijyb (D:3)
  4 orc wizards
  An iguana (D:5)
  6 adders
  A worm (D:2)
  6 orcs (D:3)
  6 endoplasms
  6 giant cockroaches
  10 goblins
  6 hobgoblins
  4 jackals (D:3)
  10 kobolds
  2 quokkas
  4 ball pythons
  4 bats
  2 frilled lizards (D:1)
  7 rats
88 creatures vanquished.

Vanquished Creatures (others)
  A human (D:3)
1 creature vanquished.

Grand Total: 89 creatures vanquished

Notes
Turn   | Place    | Note
-------+----------+-------------------------------------------
     0 | D:1      | BinkBink the Minotaur Gladiator began the quest for the
                  | Orb.
     0 | D:1      | Reached XP level 1. HP: 18/18 MP: 0/0
   128 | D:1      | Reached skill level 4 in Long Blades
   177 | D:1      | Reached XP level 2. HP: 25/25 MP: 1/1
   777 | D:1      | Reached XP level 3. HP: 30/30 MP: 2/2
  1018 | D:2      | Reached skill level 5 in Long Blades
  1675 | D:3      | Reached XP level 4. HP: 37/37 MP: 3/3
  1785 | D:3      | Noticed Ijyb
  1790 | D:3      | Killed Ijyb
  2124 | D:3      | Reached skill level 6 in Long Blades
  2202 | D:3      | Found a blossoming altar of Fedhas.
  2418 | D:3      | Reached XP level 5. HP: 32/42 MP: 4/4
  2500 | D:3      | Found Napliegh's Weapon Shop.
  2641 | D:3      | Found an ancient bone altar of Kikubaaqudgha.
  2645 | D:3      | Noticed a human
  2647 | D:3      | Killed a human
  2742 | D:4      | Noticed Menkaure
  2745 | D:4      | Found a staircase to the Ecumenical Temple.
  2758 | D:4      | Killed Menkaure
  2759 | D:4      | Reached skill level 7 in Long Blades
  2759 | D:4      | Reached skill level 5 in Dodging
  2759 | D:4      | Reached XP level 6. HP: 6/50 MP: 5/5
  2819 | Temple   | Entered the Ecumenical Temple
  2862 | Temple   | Became a worshipper of Qazlal Stormbringer
  3053 | D:3      | Reached skill level 8 in Long Blades
  3068 | D:4      | Reached XP level 7. HP: 56/56 MP: 6/6
  3397 | D:4      | Found a runed translucent door.
  3398 | D:4      | Noticed Crazy Yiuf
  3421 | D:5      | Entered Level 5 of the Dungeon
  3439 | D:5      | Found a transporter.
  3441 | D:5      | Found a transporter.
  3522 | D:5      | Noticed Blork the orc
  3539 | D:5      | HP: 1/44 [Blork the orc/+4 short sword of draining (2)]
  3540 | D:5      | Killed from afar by Blork the orc

Illustrated notes

Levels and vault maps discovered:
D:1:      dpeg_chamrin_arrival_tetris, layout_loops_ring, hangedman_decor_push
D:2:      layout_basic
D:3:      minmay_inner_zag, layout_loops_ring, mainiacjoe_overflow_boulevard,
          tgw_kikubaaqudgha, serial_shops, nicolae_shop_back_alley_shop,
          uniq_ijyb
D:4:      layout_cave_pools, temple_doors_e, nrook_campfire,
          uniq_crazy_yiuf_cottage, uniq_menkaure
D:5:      gammafunk_wand_slinger, layout_loops_ring, portal_sewer_entry_e,
          uniq_blork_the_orc
Temple:   grunt_temple_mini_profane

Skill      XL: |  1  2  3  4  5  6  7 |
---------------+----------------------+-----
Long Blades    | 4 5 6 7 8 |  8.8
Dodging        | 4 5 6 |  6.1
Fighting       | |  2.4
Throwing       | |  2.0

Action                     |  1- 3 |  4- 6 |  7- 9 || total
---------------------------+-------+-------+-------++-------
  Melee: Long sword        |    78 |   114 |    33 ||   225
         Headbutt          |    13 |    16 |    10 ||    39
         Punch             |     1 |     1 |       ||     2
    Use: Potion            |       |       |     1 ||     1
   Stab: Sleeping          |     1 |     1 |       ||     2
 Armour: Leather armour    |    49 |    16 |       ||    65
         Troll leather arm |       |    63 |    21 ||    84
  Dodge: Dodged            |    51 |    65 |    10 ||   126

Table legend: (Time is in decaauts)
 A = Elapsed time spent in this place.
 B = Non-inter-level travel time spent in this place.
 C = Inter-level travel time spent in this place.
 D = Time resting spent in this place.
 E = Time spent auto-exploring this place.
 F = Levels seen in this place.
 G = Mean time per level.
                   A        B        C        D        E       F      G
               +--------+--------+--------+--------+--------+-----+--------+
         Total |   3562 |   3364 |    198 |    174 |   2576 |   6 |  593.7 |
       Dungeon |   3496 |   3356 |    140 |    174 |   2572 |   5 |  699.2 |
        Temple |     65 |      7 |     58 |      0 |      4 |   1 |   65.0 |
               +--------+--------+--------+--------+--------+-----+--------+

Top non-repeatable levels by time:
     D:3: 1109 daAuts
     D:1: 885 daAuts
     D:2: 775 daAuts
     D:4: 608 daAuts
     D:5: 117 daAuts
  Temple: 65 daAuts
